 Dungeon Crawl Stone Soup version 0.28-a0-828-g0121872642 (webtiles) character file.

Game seed: 16945544315738714602

8206 Sweebthomas the Covert (level 11, -1/77 HPs)
             Began as an Octopode Monk on Nov 11, 2021.
             Was the Champion of Cheibriados.
             Slain by a yak (11 damage)
             ... on level 10 of the Dungeon.
             The game lasted 00:17:39 (12130 turns).

Sweebthomas the Covert (Octopode Monk)             Turns: 12130, Time: 00:17:40

Health: -1/77      AC:  5    Str: 30    XL:     11   Next: 27%
Magic:  12/12      EV: 22    Int: 27    God:    Cheibriados [******]
Gold:   542        SH:  0    Dex: 29    Spells: 10/10 levels left

rFire   + . .      SeeInvis +     - Unarmed
rCold   . . .      Faith    .   (no shield)
rNeg    . . .      Spirit   .   (helmet restricted)
rPois   +          Reflect  .   (no amulet)
rElec   .          Harm     .   k - ring of see invisible
rCorr   .          Rampage  .   j - ring of poison resistance
Will    .....                   m - +4 ring of protection
Stlth   +++++++...              q - ring of protection from fire
HPRegen 0.22/turn               (no ring)
MPRegen 0.13/turn               (no ring)
                                (no ring)
                                (no ring)

@: about to teleport, very slow
A: almost no armour, amphibious, 8 rings, camouflage 1, gelatinous body 1,
(nimble swimmer 1), tentacles
a: Renounce Religion, Bend Time, Temporal Distortion, Slouch, Step From Time


You were on level 10 of the Dungeon.
You worshipped Cheibriados.
Cheibriados was exalted by your worship.
You visited 1 branch of the dungeon, and saw 10 of its levels.
You also visited: Sewer.

You collected 542 gold pieces.

Inventory:

Missiles
 F - a throwing net (quivered)
Jewellery
 j - a ring of poison resistance (right tentacle)
 k - a ring of see invisible (left tentacle)
 l - a ring of wizardry
 m - a +4 ring of protection (on tentacle)
 q - a ring of protection from fire (on tentacle)
 B - a ring of flight
 C - an amulet of regeneration
 D - an amulet of faith
Wands
 f - a wand of flame (23)
 y - a wand of iceblast (7)
 z - a wand of polymorph (5)
 E - a wand of paralysis (7)
Scrolls
 d - 3 scrolls of identify
 g - 4 scrolls of noise
 n - 2 scrolls of teleportation
 p - a scroll of immolation {unknown}
 u - a scroll of amnesia
 w - a scroll of acquirement {unknown}
 x - a scroll of silence {unknown}
 A - 2 scrolls of magic mapping
 G - a scroll of fear
Potions
 a - 2 potions of flight
 b - a potion of ambrosia
 c - a potion of heal wounds
 e - 4 potions of brilliance
 h - 2 potions of lignification
 i - 2 potions of curing
 o - a potion of attraction {unknown}
 s - a potion of cancellation
 t - 3 potions of mutation
 v - a potion of experience {unknown}
 H - a potion of resistance {unknown}


   Skills:
 + Level 8.2 Fighting
 + Level 8.3 Dodging
 + Level 11.2 Stealth
 * Level 11.2 Unarmed Combat
 + Level 1.7 Invocations


You had 10 spell levels left.
You didn't know any spells.
Your spell library contained the following spells:

 Spells                   Type           Power      Damage    Failure   Level
 Magic Dart               Conj           0%         1d3       12%         1
 Call Imp                 Summ           0%         N/A       19%         2
 Gell's Gravitas          Tloc           0%         N/A       34%         3
 Lesser Beckoning         Tloc           0%         N/A       34%         3
 Mephitic Cloud           Conj/Pois/Air  0%         N/A       34%         3
 Teleport Other           Tloc           0%         N/A       34%         3
 Fireball                 Conj/Fire      0%         3d3       97%         5
 Iskenderun's Battlesphe  Conj           0%         2d6       97%         5
 Conjure Ball Lightning   Conj/Air       0%         3x3d6     100%        6
 Orb of Destruction       Conj           0%         N/A       100%        7


Dungeon Overview and Level Annotations

Branches:
Dungeon (10/15)            Temple (0/1) D:6            Lair (0/6) D:9
    Orc (0/2) D:10          Sewer (visited)

Altars:
Ashenzari
Cheibriados
Dithmenos
Elyvilon
Fedhas
Hepliaklqana
Kikubaaqudgha
Trog
Uskayaw
Wu Jian
Xom
Zin
The Shining One

Shops:
D:4 [

Annotations:
D:3 1 runed translucent door, jr88keys's ghost, amateur OpFi
D:10 Nergalle


Innate Abilities, Weirdness & Mutations

You cannot wear most types of armour.
You are amphibious.
You can wear up to eight rings at the same time.
Your skin changes colour to match your surroundings (Stealth+).
Your rubbery body absorbs attacks. (AC +1, EV +1)
((You are camouflaged near water. (Stealth+)))
You have tentacles for arms and can constrict up to eight enemies at once.


Message History

The yak completely misses you. The yak gores you!
Unknown command.
You tentacle-slap the manticore.
You tentacle-slap the manticore, but do no damage.
You squeeze the manticore.
The manticore is severely wounded.
The manticore misses you.
The manticore claws you but does no damage.
The manticore claws you. The yak gores you. The yak gores you!
* * * LOW HITPOINT WARNING * * *
You bludgeon the manticore! You squeeze the manticore.
You kill the manticore!
Cheibriados appreciates the change of pace.
The yak misses you.
Unknown command.
As you read the scroll of teleportation, it crumbles to dust.
You feel strangely unstable. The yak gores you.
* * * LOW HITPOINT WARNING * * *
The yak misses you.
You barely miss the yak. You squeeze the yak.
The yak is lightly wounded.
The yak completely misses you. The yak misses you.
The yak completely misses you.
You bludgeon the yak! You tentacle-slap the yak!
The yak is heavily wounded.
The yak completely misses you. The yak gores you but does no damage.
You barely miss the yak.
You tentacle-slap the yak, but do no damage.
You squeeze the yak!
The yak is severely wounded.
The yak barely misses you. The yak gores you but does no damage.
The yak barely misses you. The yak misses you.
You bludgeon the yak!
The yak is almost dead.
The yak completely misses you. The yak misses you. The yak gores you.
* * * LOW HITPOINT WARNING * * *
You closely miss the yak.
The yak is almost dead.
The yak gores you!
You die...

#########≈≈.# ..# #..#
≈≈≈≈≈≈≈≈≈≈≈.# ..##########..#
≈≈≈≈≈≈≈≈≈≈≈.######..............#
................................#
.#######.###.<................<.#
.# #........................# .#
#####...)!...............# ##
#....................#
#....@Y..<...........#
......YYY..............#
^.......................#
#########.#############.# .# ..
##


You could see 4 yaks.

Vanquished Creatures
  Sonja (D:10)
  A manticore (D:10)
  Joseph (D:10)
  2 kobold demonologists
  Prince Ribbit (D:7)
  2 wyverns (D:9)
  9 yaks
  Edmund (D:6)
  2 water moccasins
  9 orc warriors
  2 sky beasts
  A black bear (D:5)
  An ice beast (D:7)
  An ogre (D:5)
  2 centaurs
  5 kobold brigands (Sewer)
  A bullfrog (D:8)
  2 wyvern zombies
  A gnoll sergeant (D:9)
  3 scorpions
  2 water moccasin skeletons
  5 wights (D:9)
  2 electric eels (D:10)
  7 howler monkeys
  2 bullfrog zombies
  6 centaur zombies
  3 bullfrog skeletons
  2 hounds
  2 jellies
  10 orc priests
  A gnoll shaman (D:8)
  A centaur skeleton (D:6)
  An iguana (D:5)
  7 orc wizards
  Natasha (thrice) (D:2)
  A hound zombie (D:5)
  7 gnolls
  10 adders
  5 river rats (Sewer)
  2 shadow imps (D:6)
  3 white imps
  An adder skeleton (D:5)
  A worm (D:3)
  3 dart slugs
  41 orcs
  7 endoplasms
  9 giant cockroaches
  7 goblins
  6 hobgoblins
  3 jackals (D:3)
  14 kobolds
  7 quokkas
  13 ball pythons
  5 bats
  5 frilled lizards
  21 rats
273 creatures vanquished.

Vanquished Creatures (others)
  An orc (D:10)
1 creature vanquished.

Grand Total: 274 creatures vanquished

Notes
Turn   | Place    | Note
-------+----------+-------------------------------------------
     0 | D:1      | Sweebthomas the Octopode Monk began the quest for the Orb.
     0 | D:1      | Reached XP level 1. HP: 16/16 MP: 1/1
   191 | D:1      | Reached XP level 2. HP: 21/21 MP: 2/2
   644 | D:2      | Noticed Natasha
   695 | D:2      | Reached XP level 3. HP: 24/26 MP: 3/3
   758 | D:2      | HP: 1/26 [frozen (2)]
  1303 | D:2      | Killed Natasha
  1304 | D:2      | Reached XP level 4. HP: 10/31 MP: 4/4
  1357 | D:2      | Noticed Natasha
  1574 | D:2      | Killed Natasha
  1998 | D:2      | Noticed Natasha
  2007 | D:2      | Killed Natasha
  2008 | D:2      | Reached XP level 5. HP: 11/36 MP: 5/5
  2231 | D:3      | Found a faded altar of an unknown god.
  2245 | D:3      | Found a runed translucent door.
  2251 | D:3      | Noticed jr88keys's ghost (amateur OpFi)
  2883 | D:3      | Found a hazy altar of Hepliaklqana.
  2883 | D:3      | Found an ornate altar of the Wu Jian Council.
  2964 | D:3      | Found a snail-covered altar of Cheibriados.
  2972 | D:3      | Became a worshipper of Cheibriados the Contemplative
  2972 | D:3      | Reached * piety under Cheibriados
  2972 | D:3      | Reached ** piety under Cheibriados
  3268 | D:3      | Found an ancient bone altar of Kikubaaqudgha.
  3335 | D:4      | Found Ymuph's Armour Shoppe.
  3393 | D:4      | Reached XP level 6. HP: 33/43 MP: 6/6
  3630 | D:4      | Found a white marble altar of Elyvilon.
  3668 | D:4      | Found a broken altar of Ashenzari.
  3703 | D:4      | Reached skill level 5 in Unarmed Combat
  3853 | D:4      | Reached skill level 5 in Stealth
  4181 | D:5      | Entered Level 5 of the Dungeon
  4236 | D:5      | Reached XP level 7. HP: 43/48 MP: 7/7
  4559 | D:5      | Found a glowing drain.
  4588 | Sewer    | Entered a sewer
  4604 | Sewer    | Reached *** piety under Cheibriados
  4906 | Sewer    | Reached **** piety under Cheibriados
  4977 | Sewer    | Reached XP level 8. HP: 44/54 MP: 8/8
  4981 | Sewer    | Reached skill level 5 in Fighting
  4981 | Sewer    | Reached skill level 5 in Dodging
  6106 | D:6      | Noticed Edmund
  6113 | D:6      | Killed Edmund
  6403 | D:6      | Noticed a kobold demonologist
  6421 | D:6      | Killed a kobold demonologist
  6422 | D:6      | Reached XP level 9. HP: 36/62 MP: 9/9
  6721 | D:6      | Reached ***** piety under Cheibriados
  7137 | D:6      | Found a staircase to the Ecumenical Temple.
  7490 | D:7      | Found a shadowy altar of Dithmenos.
  7579 | D:7      | Found a glowing silver altar of Zin.
  7579 | D:7      | Noticed Prince Ribbit
  7586 | D:7      | Killed Prince Ribbit
  8095 | D:8      | Reached XP level 10. HP: 39/69 MP: 10/10
  8467 | D:8      | Found a bloodstained altar of Trog.
  8976 | D:8      | Found a hide-covered altar of Uskayaw.
  9292 | D:9      | Reached skill level 10 in Stealth
  9293 | D:9      | Reached skill level 10 in Unarmed Combat
  9348 | D:9      | Reached ****** piety under Cheibriados
  9505 | D:9      | Found a staircase to the Lair.
  9972 | D:9      | Found a shimmering altar of Xom.
 10019 | D:9      | Found a blossoming altar of Fedhas.
 10019 | D:9      | Found a glowing golden altar of the Shining One.
 10884 | D:10     | Entered Level 10 of the Dungeon
 10912 | D:10     | Noticed Sonja
 10921 | D:10     | Killed Sonja
 11045 | D:10     | Noticed Joseph
 11053 | D:10     | Killed Joseph
 11054 | D:10     | Reached XP level 11. HP: 77/77 MP: 11/11
 11101 | D:10     | Noticed Nergalle
 11405 | D:10     | Reached skill level 1 in Invocations
 11636 | D:10     | Found a staircase to the Orcish Mines.
 12113 | D:10     | Noticed a manticore
 12124 | D:10     | Killed a manticore
 12130 | D:10     | Slain by a yak

Illustrated notes

Levels and vault maps discovered:
D:1:      amcnicky_arrival_gap_in_the_tavern_cellar, layout_basic
D:2:      layout_rooms, hex_intersection, uniq_natasha
D:3:      layout_basic, grunt_temple_overflow_open,
          mainiacjoe_overflow_surrounded_room, general_overflow_altar,
          shapermc_ecumenical_altar_petra, ebering_ghost_sewer_d
D:4:      layout_loops_ring, nicolae_elyvilon_temple_path, lemuel_crystal_altar,
          minmay_shop_grid_forest
D:5:      layout_basic, portal_sewer_entry_f
D:6:      layout_cave_pools, temple_fountains, uniq_edmund
D:7:      layout_loops_ring, mainiacjoe_overflow_brackets, old_standard_altar,
          uniq_prince_ribbit1
D:8:      layout_rooms, trog_three_pillars_becter,
          nicolae_uskayaw_murder_on_the_dancefloor
D:9:      layout_layer_cave, lemuel_round_altar, minitemple, lair_entry_dummy
D:10:     layout_long_grid, erik_orc_2, uniq_sonja, uniq_joseph, uniq_nergalle

Skill      XL: |  1  2  3  4  5  6  7  8  9 10 11 |
---------------+----------------------------------+-----
Stealth        | 3 4 5 6 7 9 10 11 | 11.2
Unarmed Combat | 4 5 6 7 9 10 11 | 11.2
Fighting       | 4 5 6 8 |  8.2
Dodging        | 4 5 6 8 |  8.3
Invocations    | 1 |  1.7

Action                   |  1- 3 |  4- 6 |  7- 9 | 10-12 || total
-------------------------+-------+-------+-------+-------++-------
Melee: Unarmed           |    60 |    99 |   233 |   181 ||   573
       Constrict         |    16 |    22 |    68 |    41 ||   147
       Tentacles         |    12 |    19 |    84 |    74 ||   189
       Punch             |       |     4 |    29 |    34 ||    67
  Use: Scroll            |       |     5 |    10 |     5 ||    20
       Potion            |       |     2 |     1 |     3 ||     6
 Stab: Sleeping          |     8 |    22 |    25 |     7 ||    62
       Invisible         |       |       |       |     1 ||     1
       Distracted        |       |       |       |     3 ||     3
Armor: Skin              |     1 |     1 |    19 |    15 ||    36
Dodge: Dodged            |    33 |    50 |   187 |   180 ||   450

Table legend: (Time is in decaauts)
 A = Elapsed time spent in this place.
 B = Non-inter-level travel time spent in this place.
 C = Inter-level travel time spent in this place.
 D = Time resting spent in this place.
 E = Time spent auto-exploring this place.
 F = Levels seen in this place.
 G = Mean time per level.
                   A        B        C        D        E       F      G
               +--------+--------+--------+--------+--------+-----+--------+
         Total |  16273 |  15221 |   1052 |   3500 |   8467 |  11 | 1479.4 |
       Dungeon |  15042 |  13990 |   1052 |   3184 |   7957 |  10 | 1504.2 |
         Sewer |   1231 |   1231 |      0 |    316 |    510 |   1 | 1231.0 |
               +--------+--------+--------+--------+--------+-----+--------+

Top non-repeatable levels by time:
     D:9: 2788 daAuts
    D:10: 1633 daAuts
     D:2: 1548 daAuts
     D:7: 1509 daAuts
     D:5: 1471 daAuts
     D:8: 1463 daAuts
     D:6: 1432 daAuts
     D:4: 1271 daAuts
     D:3: 1240 daAuts
   Sewer: 1231 daAuts
     D:1: 684 daAuts
